 Dungeon Sprint DCSS version 0.29.1-2-gbd0b4ee654 (webtiles) character file.

Game seed: 5382463184104730029

14458 Groucho the Imperceptible (level 11, -50/62 HPs)
             Began as a Spriggan Enchanter on Nov 8, 2022.
             Was the Champion of Makhleb.
             Killed from afar by Roxanne (60 damage)
             ... with a crystal spear
             ... in the Dungeon (Sprint II: "The Violet Keep of Menkaure").
             The game lasted 00:18:47 (3009 turns).

Groucho the Imperceptible (Spriggan Enchanter)      Turns: 3009, Time: 00:18:48

Health: -50/62     AC:  4    Str:  8    XL:     11   Next: 89%
Magic:  30/30      EV: 27    Int: 17    God:    Makhleb [******]
Gold:   1444       SH:  5    Dex: 16    Spells: 28/39 levels left

rFire   . . .      SeeInvis +   a - +1 dagger
rCold   . . .      Faith    .   (no shield)
rNeg    . . .      Spirit   .   b - +0 robe
rPois   +          Reflect  +   m - +2 hat
rElec   .          Harm     .   (no cloak)
rCorr   .          Rampage  .   (gloves unavailable)
Will    +....      NoTele   +   (boots unavailable)
Stlth   ++++++++..              l - amulet of reflection
HPRegen 0.20/turn               j - ring of flight
MPRegen 0.22/turn               k - ring of poison resistance

@: flying, very quick
A: very small, no large weapons, unfitting armour, see invisible, speed 3
a: Renounce Religion, Minor Destruction, Lesser Servant of Makhleb, Major
Destruction, Greater Servant of Makhleb


You were in the Dungeon.
You worshipped Makhleb.
Makhleb was exalted by your worship.
You visited 1 branch You collected 2466 gold pieces.
You spent 1022 gold pieces at shops.

Inventory:

Hand Weapons
 a - a +1 dagger (weapon)
 y - a +2 vampiric scimitar
Missiles
 z - 11 stones (quivered)
Armour
 b - a +0 robe (worn)
 m - a +2 hat (worn)
Jewellery
 j - a ring of flight (left hand)
 k - a ring of poison resistance (right hand)
 l - an amulet of reflection (around neck)
 w - a ring of magical power
Scrolls
 c - a scroll of magic mapping {unknown}
 i - 3 scrolls of acquirement {unknown}
 o - 7 scrolls of identify {unknown}
 p - a scroll of torment {unknown}
 s - a scroll of fog {unknown}
Potions
 d - a potion of curing
 f - a potion of haste
 g - 13 potions of magic
 n - a potion of mutation {unknown}
 q - a potion of might {unknown}
 r - 7 potions of flight {unknown}
 t - a potion of degeneration {unknown}
 u - a potion of lignification {unknown}
 v - 3 potions of resistance


   Skills:
 * Level 9.6 Fighting
 * Level 12.4 Short Blades
 * Level 14.8 Dodging
 + Level 21.7 Stealth
 + Level 14.7 Spellcasting
 - Level 15.0 Hexes
 * Level 8.2 Invocations


You had 28 spell levels left.
You knew the following spells:

 Your Spells              Type           Power      Damage    Failure   Level
a - Ensorcelled Hibernat  Hex/Ice        76%        N/A       1%          2
b - Confusing Touch       Hex            59%        N/A       1%          3
c - Dazzling Flash        Conj/Hex       76%        N/A       1%          3
d - Tukima's Dance        Hex            59%        N/A       1%          3

Your spell library contained the following spells:

 Spells                   Type           Power      Damage    Failure   Level
 Blink                    Tloc           24%        N/A       8%          2
 Sublimation of Blood     Necr           12%        N/A       8%          2
 Stone Arrow              Conj/Erth      24%        3d8       16%         3
 Animate Armour           Summ/Erth      24%        N/A       45%         4
 Petrify                  Tmut/Erth      12%        N/A       45%         4
 Irradiate                Conj/Tmut      6%         3d13      82%         5
 Manifold Assault         Tloc           12%        N/A       82%         5
 Storm Form               Tmut/Air       6%         N/A       100%        7
 Lehudib's Crystal Spear  Conj/Erth      6%         10d3      100%        8


Dungeon Overview and Level Annotations

Branches:
Dungeon (1/1)

Altars:
Cheibriados
Dithmenos
Elyvilon
Fedhas
Gozag
Hepliaklqana
Kikubaaqudgha
Makhleb
Nemelex Xobeh
Okawaru
Qazlal
Ru
Sif Muna
Trog
Uskayaw
Vehumet
Wu Jian
Xom
Yredelemnul
Zin
The Shining One
Jiyva
Lugonu

Shops:
D :(([[?=*!(![[:=

Annotations:
D exclusion: oklob plant, Roxanne


Innate Abilities, Weirdness & Mutations

You are very small and have problems with some larger weapons.
You are too small for most types of armour.
You have supernaturally acute eyesight. (SInv)
You cover ground extremely quickly. (Speed+++)


Message History

Unknown command.
Unknown command.
You feel much better.
A demon appears!
Aiming: Major Destruction (4% risk of failure)
Press: ? - help, Shift-Dir - straight line, f - Roxanne
Aim: Roxanne (rain, ally target)
The bolt of fire hits Roxanne.
Roxanne resists.
Roxanne is lightly damaged.
Roxanne casts a spell.
The iron shot misses you.
Unknown command.
Unknown command.
Casting: Dazzling Flash (safe; 1% risk of failure)
Confirm with . or Enter, or press ? or * to list all spells.
Okay, then.
Aiming: Major Destruction (4% risk of failure)
Press: ? - help, Shift-Dir - straight line, f/p - Roxanne
Aim: Roxanne (ally target)
The bolt of magma hits Roxanne!
Roxanne partially resists.
Roxanne is lightly damaged.
Your hellwing swoops through the air toward Roxanne!
Your hellwing hits Roxanne but does no damage.
Your hellwing hits Roxanne!
Roxanne mumbles some strange words.
The iron shot misses you.
Unknown command.
Unknown command.
Unknown command.
Aiming: Major Destruction (4% risk of failure)
Press: ? - help, Shift-Dir - straight line, f/p - Roxanne
Aim: Roxanne (steam, lightly damaged, ally target)
You hear a mighty clap of thunder!
The bolt of lightning hits Roxanne!
Roxanne resists.
Roxanne is lightly damaged.
Your hellwing hits Roxanne but does no damage. x2
Roxanne casts a spell.
The crystal spear hits you!!!
Ouch! That really hurt!
You die...

#)#~~##+##~~§§≈§§~~~§#..._._._#~§
####~~~~~~~§~~≈≈§§~~~#.._._._.#~§
#+++#+++#~§≈≈≈§≈≈§#._._._._#~~
#§≈SSS≈≈##≈≈≈###§§#_._._._.#~§
#≈≈≈§SS≈≈S##≈§#}#≈≈#._._._._#§§
+≈§≈≈≈≈≈≈§§S'≈≈#+#≈≈#_._._...#§§
##≈≈≈§§§≈≈§##≈≈§§≈≈§##########§§
##≈≈≈≈§≈≈###########~~~~~~~~§§§
####+####§§§§@§§###~########§▓
##§§§§§§§§3##~# #▓▓
+.~~~48§43§§'~# ##§~§§§§§§.####
##§§§§~§§## #########


+333+ ##### You could see Roxanne (ally target), 2 sixfirhies, 2 electric eels,
a friendly orange demon (summoned), a friendly hellwing (summoned), a friendly
smoke demon (summoned) and a friendly neqoxec (summoned).

Vanquished Creatures
  A kraken (D)
  2 sphinxes (D)
  A deep elf master archer (D)
  A crystal guardian (D)
  A death yak (D)
  An iron elemental (D)
  2 death drakes (D)
  2 deep trolls (D)
  A merfolk siren (D)
  2 cane toads (D)
  A yaktaur (D)
  A hornet (D)
  5 polar bears (D)
  3 slime creatures (D)
  A blink frog (D)
  7 wyverns (D)
  3 yaks (D)
  4 neqoxecs (D)
  2 redbacks (D)
  Menkaure (D)
  4 water moccasins (D)
  2 swamp drakes (D)
  4 scorpions (D)
  An electric eel (D)
53 creatures vanquished.

Vanquished Creatures (others)
  4 tentacles (D)
4 creatures vanquished.

Grand Total: 57 creatures vanquished

Notes
Turn   | Place    | Note
-------+----------+-------------------------------------------
     0 | D        | Groucho the Spriggan Enchanter began the quest for the Orb.
     0 | D        | Reached XP level 1. HP: 9/9 MP: 5/5
     2 | D        | Noticed a scorpion
     2 | D        | Noticed a scorpion
     4 | D        | Noticed a scorpion
     4 | D        | Noticed a scorpion
     6 | D        | Killed a scorpion
     7 | D        | Reached skill level 9 in Stealth
     7 | D        | Reached skill level 5 in Spellcasting
     7 | D        | Reached skill level 5 in Hexes
     7 | D        | Reached XP level 2. HP: 13/13 MP: 6/9
     7 | D        | Reached XP level 3. HP: 16/16 MP: 6/10
    10 | D        | Killed a scorpion
    11 | D        | Reached skill level 11 in Stealth
    11 | D        | Reached XP level 4. HP: 21/21 MP: 7/13
    16 | D        | Killed a scorpion
    17 | D        | Reached skill level 12 in Stealth
    17 | D        | Reached XP level 5. HP: 17/24 MP: 8/15
    19 | D        | Reached skill level 13 in Stealth
    25 | D        | Noticed a merfolk siren
    28 | D        | Killed a merfolk siren
    29 | D        | Reached skill level 16 in Stealth
    29 | D        | Reached XP level 6. HP: 20/28 MP: 9/19
    29 | D        | Reached XP level 7. HP: 23/32 MP: 9/21
    33 | D        | Noticed a neqoxec
    33 | D        | Noticed a neqoxec
    33 | D        | Noticed a neqoxec
    33 | D        | Noticed a neqoxec
    35 | D        | Killed a neqoxec
    36 | D        | Reached skill level 1 in Fighting
    36 | D        | Reached skill level 17 in Stealth
    36 | D        | Reached skill level 10 in Hexes
    37 | D        | Killed a neqoxec
    38 | D        | Reached skill level 10 in Spellcasting
    38 | D        | Killed a neqoxec
    41 | D        | Killed a neqoxec
    42 | D        | Reached skill level 5 in Dodging
    42 | D        | Reached XP level 8. HP: 30/39 MP: 12/23
   101 | D        | Found Ympot's Assorted Antiques.
   101 | D        | Found Qixuing's Jewellery Shop.
   101 | D        | Found Lionae's Antique Weapon Shop.
   101 | D        | Found Ruoqiul's Antique Armour Shop.
   101 | D        | Found Wilan's Magic Scroll Boutique.
   102 | D        | Found Qymyl's Jewellery Shop.
   102 | D        | Found Quuxziom's Antique Armour Boutique.
   102 | D        | Found Yheoc's Distillery.
   102 | D        | Found Tunuoqov's Antique Armour Boutique.
   102 | D        | Found Qawabb's Antique Armour Boutique.
   103 | D        | Found Vexepn's Antique Weapon Shop.
   103 | D        | Found Evyedwan's Antique Weapon Boutique.
   104 | D        | Found Azoewk's Book Boutique.
   104 | D        | Found Uwicviepny's Distillery.
   105 | D        | Noticed Menkaure
   116 | D        | Learned a level 2 spell: Ensorcelled Hibernation
   120 | D        | Learned a level 3 spell: Confusing Touch
   129 | D        | Killed Menkaure
   130 | D        | Reached skill level 18 in Stealth
   133 | D        | Noticed an oklob plant
   134 | D        | Found Rowaed's Book Shoppe.
   137 | D        | Noticed a shining eye
   137 | D        | Noticed a shining eye
   140 | D        | Noticed a shining eye
   156 | D        | Bought a ring of flight for 192 gold pieces
   156 | D        | Bought a ring of poison resistance for 220 gold pieces
   156 | D        | Bought an amulet of reflection for 330 gold pieces
   177 | D        | Bought a runed hat for 140 gold pieces
   210 | D        | Found a blossoming altar of Fedhas.
   210 | D        | Found an opulent altar of Gozag.
   211 | D        | Found a white marble altar of Elyvilon.
   211 | D        | Found a burning altar of Makhleb.
   212 | D        | Found a shadowy altar of Dithmenos.
   212 | D        | Found a corrupted altar of Lugonu.
   213 | D        | Found a snail-covered altar of Cheibriados.
   213 | D        | Found an ancient bone altar of Kikubaaqudgha.
   213 | D        | Found a bloodstained altar of Trog.
   214 | D        | Found a viscous altar of Jiyva.
   214 | D        | Found a shimmering blue altar of Sif Muna.
   215 | D        | Found a hazy altar of Hepliaklqana.
   215 | D        | Found a sacrificial altar of Ru.
   216 | D        | Found a stormy altar of Qazlal.
   216 | D        | Found an ornate altar of the Wu Jian Council.
   216 | D        | Found a shimmering altar of Xom.
   218 | D        | Found a sparkling altar of Nemelex Xobeh.
   218 | D        | Found a hide-covered altar of Uskayaw.
   218 | D        | Found a basalt altar of Yredelemnul.
   218 | D        | Found a glowing golden altar of the Shining One.
   219 | D        | Found an iron altar of Okawaru.
   219 | D        | Found a radiant altar of Vehumet.
   219 | D        | Found a glowing silver altar of Zin.
   227 | D        | Reached skill level 5 in Short Blades
   242 | D        | Became a worshipper of Makhleb the Destroyer
   249 | D        | Learned a level 3 spell: Dazzling Flash
   253 | D        | Learned a level 3 spell: Tukima's Dance
   268 | D        | Reached * piety under Makhleb
   269 | D        | Reached XP level 9. HP: 45/45 MP: 25/25
   281 | D        | Noticed a cane toad
   281 | D        | Noticed a cane toad
   283 | D        | Killed a cane toad
   285 | D        | Killed a cane toad
   294 | D        | Noticed a deep elf master archer
   301 | D        | Killed a deep elf master archer
   301 | D        | Reached ** piety under Makhleb
   302 | D        | Reached skill level 5 in Fighting
   302 | D        | Reached skill level 19 in Stealth
   310 | D        | Noticed an iron elemental
   313 | D        | Killed an iron elemental
   314 | D        | Reached skill level 15 in Hexes
   314 | D        | Reached XP level 10. HP: 53/53 MP: 27/27
   363 | D        | Reached skill level 10 in Dodging
   364 | D        | Reached *** piety under Makhleb
   365 | D        | Reached skill level 20 in Stealth
   381 | D        | Noticed a kraken
   400 | D        | Killed a kraken
   414 | D        | Found the +14 obsidian axe {vorpal, Mesm Drain Fly SInv}
   534 | D        | Reached **** piety under Makhleb
   550 | D        | Noticed a deep troll
   551 | D        | Noticed a deep troll
   553 | D        | Killed a deep troll
   554 | D        | Killed a deep troll
   555 | D        | Reached skill level 10 in Short Blades
   555 | D        | Reached XP level 11. HP: 58/58 MP: 26/29
   578 | D        | Noticed a sphinx
   578 | D        | Noticed a sphinx
   583 | D        | Killed a sphinx
   583 | D        | Reached ***** piety under Makhleb
   584 | D        | Reached skill level 5 in Invocations
   589 | D        | Killed a sphinx
   590 | D        | Reached skill level 21 in Stealth
   634 | D        | Identified Roxanne's Omnibus of Minerals
   634 | D        | Noticed Roxanne
   672 | D        | Noticed a death drake
   673 | D        | Noticed a death drake
   673 | D        | Noticed a crystal guardian
   677 | D        | Killed a crystal guardian
   678 | D        | Killed a death drake
   681 | D        | Killed a death drake
   791 | D        | Noticed a death yak
   803 | D        | Reached ****** piety under Makhleb
   821 | D        | Killed a death yak
  1243 | D        | Bought a potion of resistance for 140 gold pieces
  2429 | D        | Noticed a sixfirhy
  2432 | D        | Noticed a sixfirhy
  2455 | D        | Noticed a sixfirhy
  2485 | D        | Noticed a green death
  3009 | D        | Killed from afar by Roxanne

Illustrated notes

Levels and vault maps discovered:
D:        the_violet_keep_of_menkaure [sprint2_stairs_cluster_1,
          sprint2_shoproom, sprint2_temple, sprint2_basic_supplies,
          sprint2_obstacle_7, sprint2_obstacle_6, sprint2_obstacle_2,
          sprint2_obstacle_4, sprint2_obstacle_3, sprint2_timed_cluster_1,
          sprint2_smallroom_cluster_1, sprint2_smallroom_final_cluster_1,
          sprint2_transparent_cluster_1, sprint2_second_timed_cluster_1,
          sprint2_sniper_area_1, sprint2_heavy_combat_area_1,
          sprint2_mutation_trap_area_1, sprint2_forest_area_1,
          sprint2_light_combat_area_1, sprint2_behind_water_1,
          sprint2_near_end_vault_1]

Skill      XL: |  1  2  3  4  5  6  7  8  9 10 11 |
---------------+----------------------------------+-----
Stealth        | 9 11 12 16 17 18 19 20 21 | 21.7
Spellcasting   | 5 6 7 9 10 11 12 13 14 | 14.7
Hexes          | 5 6 7 9 11 13 15 | 15.0
Fighting       | 2 4 5 7 9 |  9.6
Short Blades   | 3 5 7 10 12 | 12.4
Dodging        | 5 7 9 12 14 | 14.8
Invocations    | 4 8 |  8.2

Action                   |  1- 3 |  4- 6 |  7- 9 | 10-12 || total
-------------------------+-------+-------+-------+-------++-------
Melee: Dagger            |     6 |     8 |    20 |   113 ||   147
       Punch             |       |     1 |       |     2 ||     3
 Cast: Ensorcelled Hiber |       |       |     1 |    29 ||    30
       Confusing Touch   |       |       |     1 |     3 ||     4
       Dazzling Flash    |       |       |       |     1 ||     1
Invok: Lesser Servant of |       |       |       |     4 ||     4
       Major Destruction |       |       |       |     3 ||     3
       Greater Servant o |       |       |       |     1 ||     1
  Use: Potion            |     1 |       |       |     7 ||     8
       Scroll            |       |       |       |     2 ||     2
 Stab: Invisible         |     3 |     2 |       |     3 ||     8
       Sleeping          |     1 |     2 |    14 |    30 ||    47
       Confused          |       |       |     1 |     4 ||     5
Armor: Robe              |       |       |       |     2 ||     2
Dodge: Dodged            |     6 |     5 |       |    31 ||    42
Block: Other             |       |       |       |     7 ||     7
